 Dungeon Crawl Stone Soup version 0.24.0-123-gd5b16e6ec5 (webtiles) character file.

Game seed: 14248478272474877425, levelgen mode: deterministic

5559 FishyPogo the Magician (level 10, -32/79 HPs)
             Began as a Gnoll Skald on Dec 23, 2019.
             Was a Priest of Okawaru.
             Killed from afar by a frost giant (39 damage)
             ... with a bolt of cold
             ... on level 9 of the Dungeon.
             The game lasted 00:30:05 (7799 turns).

FishyPogo the Magician (Gnoll Skald)                Turns: 7799, Time: 00:30:05

Health: -32/79     AC: 12    Str: 15    XL:     10   Next: 71%
Magic:  21/21      EV: 15    Int: 15    God:    Okawaru [***...]
Gold:   1205       SH:  0    Dex: 16    Spells: 13/24 levels left

rFire    . . .     SeeInvis .   a - +2 dagger (drain)
rCold    . . .     Gourm    +   (no shield)
rNeg     + . .     Faith    .   u - +0 ring mail (curse)
rPois    +         Spirit   .   (no helmet)
rElec    .         Reflect  .   K - +2 ratskin cloak {+Rats rPois rN+ Str-1 Int-1 Dex+1}
rCorr    .         Harm     .   y - +0 pair of gloves
MR       .....                  k - +0 pair of boots
Stlth    ++........             m - amulet of the gourmand
HPRegen  0.23/turn              (no ring)
MPRegen  0.17/turn              (no ring)

@: no status effects
A: distributed training, fangs 1, strong nose
a: Heroism, Renounce Religion, Evoke Ratskin


You were on level 9 of the Dungeon.
You worshipped Okawaru.
Okawaru was most pleased with you.
You were completely stuffed.

You visited 2 branches of the dungeon, and saw 10 of its levels.
You also visited: Sewer.

You collected 1205 gold pieces.

Inventory:

Hand Weapons
 a - a +2 dagger of draining (weapon)
 b - a +1 shortbow of flaming
Missiles
 g - 229 stones (quivered)
 h - 8 boomerangs
 i - 100 sling bullets
 s - 144 arrows
 J - 3 silver boomerangs
Armour
 e - a +0 leather armour
 k - a +0 pair of boots (worn)
 p - a +2 robe
 u - a cursed +0 ring mail (worn)
 y - a +0 pair of gloves (worn)
 K - the +2 ratskin cloak (worn) {+Rats rPois rN+ Str-1 Int-1 Dex+1}
   (You found it on level 7 of the Dungeon)

   It affects your strength (-1).
   It affects your intelligence (-1).
   It affects your dexterity (+1).
   It protects you from poison.
   It protects you from negative energy.
 N - a +0 troll leather armour
 P - the +2 robe of Jediek {rN+ rCorr Int+4}
   (You took it off an orc wizard on level 9 of the Dungeon)

   It affects your intelligence (+4).
   It protects you from negative energy.
   It provides partial protection from all sources of acid and corrosion.
Jewellery
 m - an amulet of the gourmand (around neck)
Wands
 c - a wand of flame (42)
 r - a wand of enslavement (8)
 F - a wand of random effects (8)
 M - a wand of polymorph (9)
Scrolls
 f - 6 scrolls of teleportation {unknown}
 j - 7 scrolls of identify
 l - 8 scrolls of remove curse
 n - 2 scrolls of amnesia
 w - a scroll of enchant weapon {unknown}
 D - a scroll of immolation {unknown}
 E - a scroll of magic mapping {unknown}
 H - a scroll of fog {unknown}
 L - a scroll of fear {unknown}
 O - a scroll of holy word {unknown}
Potions
 o - 2 potions of magic
 q - 4 potions of heal wounds
 t - 4 potions of curing
 v - a potion of mutation {unknown}
 x - 2 potions of flight {unknown}
 z - a potion of lignification {unknown}
 A - 2 potions of agility {unknown}
 B - a potion of berserk rage
 C - a potion of might
 G - a potion of ambrosia
Comestibles
 d - 16 rations


   Skills:
 + Level 7.2 Fighting
 + Level 7.2 Short Blades
 + Level 5.4 Long Blades
 + Level 5.4 Axes
 + Level 5.4 Maces & Flails
 + Level 5.4 Polearms
 + Level 5.4 Staves
 + Level 5.4 Slings
 + Level 5.4 Bows
 + Level 5.4 Crossbows
 + Level 5.4 Throwing
 + Level 6.1 Armour
 + Level 7.2 Dodging
 + Level 5.4 Stealth
 + Level 5.4 Shields
 + Level 5.4 Unarmed Combat
 + Level 7.5 Spellcasting
 + Level 4.5 Conjurations
 + Level 4.5 Hexes
 + Level 7.1 Charms
 + Level 4.5 Summonings
 + Level 4.5 Necromancy
 + Level 4.5 Translocations
 + Level 4.5 Transmutations
 + Level 4.5 Fire Magic
 + Level 4.5 Ice Magic
 + Level 4.5 Air Magic
 + Level 4.5 Earth Magic
 + Level 4.5 Poison Magic
 + Level 6.0 Invocations
 + Level 5.4 Evocations


You had 13 spell levels left.
You knew the following spells:

 Your Spells              Type           Power        Failure   Level  Hunger
h - Regeneration          Chrm/Necr      ###.......   6%          3    ##.....
n - Spectral Weapon       Hex/Chrm       ###.....     6%          3    ##.....
p - Shroud of Golubria    Chrm/Tloc      ###...       3%          2    None
u - Song of Slaying       Chrm           ####....     1%          2    None
y - Infusion              Chrm           ####         1%          1    None

Your spell library contained the following spells:

 Spells                   Type           Power        Failure   Level  Hunger
 Confusing Touch          Hex            ###...       3%          1    None
 Pain                     Necr           ###.         3%          1    None
 Confuse                  Hex            ###.....     11%         3    ##.....
 Gell's Gravitas          Tloc           ###.......   11%         3    ##.....
 Vampiric Draining        Necr           ###.......   11%         3    ##.....
 Petrify                  Tmut/Erth      ###.....     34%         4    ####...
 Iskenderun's Battlesphe  Conj/Chrm      ###.....     50%         5    #####..
 Bolt of Magma            Conj/Fire/Erth ###.......   69%         5    #####..
 Metabolic Englaciation   Hex/Ice        ###.......   69%         5    #####..
 Venom Bolt               Conj/Pois      ###.......   69%         5    #####..
 Yara's Violent Unravell  Hex/Tmut       ###.......   69%         5    #####..
 Iron Shot                Conj/Erth      ###.......   99%         6    #######
 Malign Gateway           Summ/Tloc      ###.......   100%        7    #######
 Orb of Destruction       Conj           ###.......   100%        7    #######
 Spellforged Servitor     Conj/Summ      ###.......   100%        7    #######


Dungeon Overview and Level Annotations

Branches:
Dungeon (9/15)             Temple (1/1) D:6            Lair (0/6) D:8
  Sewer (visited)
    Orc: D:9-12

Altars:
Ashenzari
Cheibriados
Dithmenos
Elyvilon
Fedhas
Gozag
Hepliaklqana
Kikubaaqudgha
Makhleb
Nemelex Xobeh
Okawaru
Qazlal
Ru
Sif Muna
Trog
Uskayaw
Vehumet
Wu Jian
Xom
Yredelemnul
Zin
The Shining One


Innate Abilities, Weirdness & Mutations

Your experience applies equally to all skills.
You have very sharp teeth.
Your uncanny sense of smell can sniff out nearby items.


Message History

You see here 9 gold pieces.
You now have 1196 gold pieces (gained 16).
You see here 9 gold pieces.
Throwing (i - inventory. (/) - cycle)
g - 229 stones (quivered)
Press: ? - help, Shift-Dir - straight line, f - you
Okay, then.
Unknown command.
You now have 1205 gold pieces (gained 9).
There is an open door here.
You open the door. The frost giant casts a spell at you.
The bolt of cold hits you!!
There is an open door here.
The frost giant gestures at you while chanting.
The bolt of cold hits you!!!
Ouch! That really hurt!
* * * LOW HITPOINT WARNING * * *
The frost giant gestures at you while chanting.
The bolt of cold hits you!!!
You die...

### ###'### #.....#
## #.....# ########
#. #.....# #......#
#. #.....# #......#
#. ###'### #......#
##.
#.#####......###..
#@C..........#....
#.####.......#...#
#.# ##..........##
...............##.
.######.........###
#. ########..### #
##.#⌠. #.#.. ..#⌠.


You could see a frost giant.

Vanquished Creatures
  A two-headed ogre (D:8)
  A cyclops (D:9)
  A troll (D:9)
  Grinder (D:3)
  A hippogriff (D:9)
  Sigmund (D:5)
  A human (D:9)
  A hungry ghost (D:7)
  A water moccasin (D:8)
  Purgy (Sewer)
  A sky beast (D:5)
  3 ice beasts
  2 black bears (D:6)
  7 ogres
  4 centaurs (D:5)
  Blork the orc (D:6)
  4 bullfrogs
  2 scorpions
  2 howler monkeys (D:9)
  3 crimson imps (D:5)
  A bullfrog zombie (D:5)
  3 jellies
  4 hounds
  2 centaur skeletons
  3 orc priests
  9 orc wizards
  3 bullfrog skeletons
  Ijyb (D:5)
  4 iguanas
  A hell rat (D:7)
  9 worker ants
  A hound skeleton (D:7)
  A worker ant zombie (D:6)
  A gnoll (D:1)
  4 adders
  6 river rats (D:7)
  A shadow imp (D:9)
  A worker ant simulacrum (D:9)
  An ooze (D:1)
  2 adder skeletons (D:5)
  3 dart slugs (D:1)
  5 leopard geckos
  30 orcs
  3 ball pythons
  10 bats
  11 giant cockroaches
  2 goblins
  9 hobgoblins
  4 jackals (D:9)
  2 quokkas
  A ball python skeleton (D:4)
  13 frilled lizards
  3 kobolds
  A leopard gecko skeleton (D:5)
  A quokka skeleton (D:5)
  A quokka zombie (D:5)
  23 rats
219 creatures vanquished.

Vanquished Creatures (collateral kills)
  A worker ant zombie (D:8)
1 creature vanquished.

Grand Total: 220 creatures vanquished

Notes
Turn   | Place    | Note
-------+----------+-------------------------------------------
     0 | D:1      | FishyPogo the Gnoll Skald began the quest for the Orb.
     0 | D:1      | Reached XP level 1. HP: 20/20 MP: 6/6
   115 | D:1      | Reached XP level 2. HP: 15/26 MP: 3/7
   333 | D:1      | Reached XP level 3. HP: 26/31 MP: 9/9
   420 | D:2      | Reached skill level 5 in Spellcasting
   771 | D:3      | Reached skill level 1 in Long Blades
   771 | D:3      | Reached skill level 1 in Axes
   771 | D:3      | Reached skill level 1 in Maces & Flails
   771 | D:3      | Reached skill level 1 in Polearms
   771 | D:3      | Reached skill level 1 in Staves
   771 | D:3      | Reached skill level 1 in Slings
   771 | D:3      | Reached skill level 1 in Bows
   771 | D:3      | Reached skill level 1 in Crossbows
   771 | D:3      | Reached skill level 1 in Throwing
   771 | D:3      | Reached skill level 1 in Stealth
   771 | D:3      | Reached skill level 1 in Shields
   771 | D:3      | Reached skill level 1 in Unarmed Combat
   771 | D:3      | Reached skill level 1 in Invocations
   771 | D:3      | Reached skill level 1 in Evocations
   771 | D:3      | Reached XP level 4. HP: 33/38 MP: 11/11
   841 | D:3      | Found a stormy altar of Qazlal.
   842 | D:3      | Noticed Grinder
   886 | D:2      | Learned a level 2 spell: Song of Slaying
   889 | D:2      | Learned a level 2 spell: Shroud of Golubria
   893 | D:2      | Learned a level 3 spell: Regeneration
   897 | D:2      | Learned a level 3 spell: Spectral Weapon
   987 | D:3      | You fall into a shaft and drop 1 floor!
  1201 | D:4      | Reached skill level 1 in Conjurations
  1201 | D:4      | Reached skill level 1 in Hexes
  1201 | D:4      | Reached skill level 1 in Summonings
  1201 | D:4      | Reached skill level 1 in Necromancy
  1201 | D:4      | Reached skill level 1 in Translocations
  1201 | D:4      | Reached skill level 1 in Transmutations
  1201 | D:4      | Reached skill level 1 in Fire Magic
  1201 | D:4      | Reached skill level 1 in Ice Magic
  1201 | D:4      | Reached skill level 1 in Air Magic
  1201 | D:4      | Reached skill level 1 in Earth Magic
  1201 | D:4      | Reached skill level 1 in Poison Magic
  1201 | D:4      | Reached XP level 5. HP: 42/43 MP: 6/12
  1252 | D:5      | Entered Level 5 of the Dungeon
  1394 | D:5      | Noticed a centaur
  1408 | D:5      | Killed a centaur
  1408 | D:5      | Reached XP level 6. HP: 43/50 MP: 5/14
  1509 | D:5      | Noticed Sigmund
  1523 | D:5      | Killed Sigmund
  1523 | D:5      | Reached skill level 5 in Fighting
  1523 | D:5      | Reached skill level 5 in Short Blades
  1523 | D:5      | Reached skill level 5 in Dodging
  1523 | D:5      | Reached XP level 7. HP: 46/56 MP: 4/15
  1859 | D:5      | Reached XP level 8. HP: 56/63 MP: 4/16
  2138 | D:5      | Noticed Ijyb
  2206 | D:6      | Noticed Blork the orc
  2360 | D:6      | Found a glowing drain.
  2393 | Sewer    | Entered a sewer
  2479 | Sewer    | Identified the Incunabulum of Creative Evil
  2504 | Sewer    | Noticed Purgy
  2520 | Sewer    | Killed Purgy
  2810 | D:5      | Killed Ijyb
  2957 | D:6      | You fall into a shaft and drop 2 floors!
  3056 | D:7      | Reached XP level 9. HP: 69/69 MP: 10/18
  3134 | D:6      | Killed Blork the orc
  3157 | D:6      | Found a staircase to the Ecumenical Temple.
  3166 | Temple   | Entered the Ecumenical Temple
  3222 | Temple   | Became a worshipper of Warmaster Okawaru
  3682 | D:3      | Paralysed by Grinder for 3 turns
  3688 | D:3      | Killed Grinder
  3688 | D:3      | Reached skill level 5 in Armour
  5839 | D:6      | Found a bloodstained altar of Trog.
  5879 | D:6      | Reached * piety under Okawaru
  5879 | D:6      | Reached skill level 5 in Invocations
  6073 | D:7      | Reached XP level 10. HP: 61/77 MP: 20/20
  6530 | D:7      | Found the +2 ratskin cloak {+Rats rPois rN+ Str-1 Int-1
                  | Dex+1}
  6729 | D:8      | Noticed a two-headed ogre
  6744 | D:8      | Killed a two-headed ogre
  6744 | D:8      | Reached skill level 5 in Long Blades
  6744 | D:8      | Reached skill level 5 in Axes
  6744 | D:8      | Reached skill level 5 in Maces & Flails
  6744 | D:8      | Reached skill level 5 in Polearms
  6744 | D:8      | Reached skill level 5 in Staves
  6744 | D:8      | Reached skill level 5 in Slings
  6744 | D:8      | Reached skill level 5 in Bows
  6744 | D:8      | Reached skill level 5 in Crossbows
  6744 | D:8      | Reached skill level 5 in Throwing
  6744 | D:8      | Reached skill level 5 in Stealth
  6744 | D:8      | Reached skill level 5 in Shields
  6744 | D:8      | Reached skill level 5 in Unarmed Combat
  6744 | D:8      | Reached skill level 5 in Evocations
  6760 | D:8      | Found a sacrificial altar of Ru.
  6943 | D:8      | Found a staircase to the Lair.
  6945 | D:8      | Reached ** piety under Okawaru
  7024 | D:8      | X:
  7417 | D:9      | Identified the +2 robe of Jediek {rN+ rCorr Int+4}
  7441 | D:9      | Found a burning altar of Makhleb.
  7445 | D:9      | Found a basalt altar of Yredelemnul.
  7445 | D:9      | Noticed a frost giant
  7463 | D:9      | Noticed a cyclops
  7468 | D:9      | HP: 2/79 [cyclops/large rock (20)]
  7483 | D:9      | Killed a cyclops
  7483 | D:9      | Reached *** piety under Okawaru
  7799 | D:9      | Killed from afar by a frost giant

Levels and vault maps discovered:
D:1:      psy_arrival_spokes, layout_basic, chequers_decorated_corner
D:2:      layout_loops_ring, minmay_ruptured
D:3:      layout_basic, nicolae_qazlal_eye_of_the_storm,
          mrwooster_statue_mirror, uniq_grinder
D:4:      layout_loops_ring, first_ration, kennysheep_generic_room_6
D:5:      minmay_polygon_palace, layout_basic, patterned_corridor, uniq_sigmund,
          uniq_ijyb
D:6:      layout_rooms, lemuel_temple_firewalk_b, gup_sewer_entry_pipe,
          trog_ov_bears_minmay, uniq_blork_the_orc
D:7:      wander_guarded_unrand_ratskin, layout_cave_pools, grunt_ministairs_7,
          minmay_statues_item
D:8:      layout_rooms, lair_entry_dummy, basic_altar
D:9:      layout_basic, serial_shops, shop, grunt_pizzeria, jmf_multi_god_temple
Temple:   dpeg_three_leaves_temple

Skill      XL: |  1  2  3  4  5  6  7  8  9 10 |
---------------+-------------------------------+-----
Spellcasting   | 5 6 7 |  7.5
Long Blades    | 1 2 3 4 5 |  5.4
Axes           | 1 2 3 4 5 |  5.4
Maces & Flails | 1 2 3 4 5 |  5.4
Polearms       | 1 2 3 4 5 |  5.4
Staves         | 1 2 3 4 5 |  5.4
Slings         | 1 2 3 4 5 |  5.4
Bows           | 1 2 3 4 5 |  5.4
Crossbows      | 1 2 3 4 5 |  5.4
Throwing       | 1 2 3 4 5 |  5.4
Stealth        | 1 2 3 4 5 |  5.4
Shields        | 1 2 3 4 5 |  5.4
Unarmed Combat | 1 2 3 4 5 |  5.4
Invocations    | 1 2 3 4 5 6 |  6.0
Evocations     | 1 2 3 4 5 |  5.4
Conjurations   | 1 2 3 4 |  4.5
Hexes          | 1 2 3 4 |  4.5
Summonings     | 1 2 3 4 |  4.5
Necromancy     | 1 2 3 4 |  4.5
Translocations | 1 2 3 4 |  4.5
Transmutations | 1 2 3 4 |  4.5
Fire Magic     | 1 2 3 4 |  4.5
Ice Magic      | 1 2 3 4 |  4.5
Air Magic      | 1 2 3 4 |  4.5
Earth Magic    | 1 2 3 4 |  4.5
Poison Magic   | 1 2 3 4 |  4.5
Armour         | 3 4 5 6 |  6.1
Fighting       | 5 6 7 |  7.2
Short Blades   | 5 6 7 |  7.2
Dodging        | 5 6 7 |  7.2
Charms         | 6 7 |  7.1

Action                   |  1- 3 |  4- 6 |  7- 9 | 10-12 || total
-------------------------+-------+-------+-------+-------++-------
Melee: Short sword       |    99 |       |       |       ||    99
       Bite              |     7 |    11 |    83 |    32 ||   133
       Dagger            |    21 |    93 |   614 |   204 ||   932
       Punch             |       |       |    10 |     3 ||    13
Throw: Stone             |       |     1 |     1 |       ||     2
 Cast: Infusion          |     3 |     1 |       |     2 ||     6
       Regeneration      |       |     4 |    12 |     7 ||    23
       Shroud of Golubri |       |     5 |    13 |    12 ||    30
       Spectral Weapon   |       |     2 |    15 |    10 ||    27
       Song of Slaying   |       |       |     1 |     1 ||     2
 Abil: Evoke Ratskin     |       |       |       |     6 ||     6
Evoke: Wand              |       |       |     1 |     3 ||     4
  Use: Potion            |       |     1 |     7 |     1 ||     9
       Scroll            |       |       |     3 |       ||     3
 Stab: Distracted        |       |     1 |     3 |     1 ||     5
       Sleeping          |       |       |     7 |     4 ||    11
  Eat: Chunk             |       |     1 |    37 |     8 ||    46
Armor: Leather armour    |    27 |    17 |       |       ||    44
       Robe              |       |       |    50 |       ||    50
       Ring mail         |       |       |    78 |    46 ||   124
Dodge: Dodged            |    95 |    75 |   323 |   116 ||   609
